 Dungeon Crawl Stone Soup version 0.19.5 (webtiles) character file.

6851 Inarius the Basher (level 10, 0/88 HPs)
             Began as a Minotaur Fighter on May 3, 2017.
             Was an Initiate of Gozag.
             Slain by a red ugly thing (11 damage)
             ... on level 11 of the Dungeon.
             The game lasted 00:28:18 (8840 turns).

Inarius the Basher (Minotaur Fighter)               Turns: 8840, Time: 00:28:20

Health: 0/88       AC: 18    Str: 27    XL:     10   Next: 78%
Magic:  8/8        EV:  8    Int:  5    God:    Gozag
Gold:   342        SH: 12    Dex: 14    Spells: 0 memorised, 9 levels left

rFire  + . .     SeeInvis .     H - +6 trident "Cofeizuz" {holy, Str+2}
rCold  . . .     Gourm    .     A - +0 plate armour
rNeg   . . .     Faith    .     c - +0 shield
rPois  .         Spirit   .     (helmet restricted)
rElec  .         Reflect  .     i - +0 cloak
rCorr  .         Harm     .     u - +0 pair of gloves
MR     +....                    B - +0 pair of boots (curse)
Stlth  ..........               (no amulet)
                                (no ring)
                                f - ring of protection from magic

@: mighty, lethally poisoned (0 -> -1), gold aura
A: retaliatory headbutt, horns 2, agile 1, fire resistance 1, low mp 1, weak 1
a: Potion Petition, Call Merchant, Bribe Branch, Renounce Religion


You were on level 11 of the Dungeon.
You worshipped Gozag.
Gozag was aware of your devotion.
You were hungry.

You visited 1 branch of the dungeon, and saw 11 of its levels.

You collected 1489 gold pieces.
You spent 433 gold pieces at shops.
You paid 714 gold pieces to Gozag.

Inventory:

Hand Weapons
 v - a +5 flail of venom
 H - the +6 trident "Cofeizuz" (weapon) {holy, Str+2}
   (You found it on level 9 of the Dungeon)

   It has been blessed by the Shining One to cause great damage to the undead
   and demons.
   It affects your strength (+2).
Armour
 c - a +0 shield (worn)
 i - a +0 cloak (worn)
 u - a +0 pair of gloves (worn)
 A - a +0 plate armour (worn)
 B - a cursed +0 pair of boots (worn)
Jewellery
 f - a ring of protection from magic (left hand)
Wands
 k - a wand of iceblast (10/15)
 t - a wand of polymorph (11/24)
 D - a wand of flame (25/48)
 I - a wand of confusion (19/48)
Scrolls
 a - a scroll of enchant armour {unknown}
 b - 2 scrolls of blinking {unknown}
 e - 3 scrolls of noise {unknown}
 g - a scroll of recharging {unknown}
 h - 3 scrolls of amnesia
 n - 3 scrolls of random uselessness {unknown}
 q - a scroll of fear {unknown}
 r - 4 scrolls of remove curse
 s - 3 scrolls of enchant weapon {unknown}
 x - a scroll of vulnerability {unknown}
 y - 3 scrolls of teleportation {unknown}
 C - 3 scrolls of holy word {unknown}
 K - a scroll of immolation {unknown}
Potions
 d - a potion of might
 m - 2 potions of flight
 o - 2 potions of cancellation
 p - a potion of agility
 w - 2 potions of lignification
 z - 2 potions of magic
 F - a potion of berserk rage {unknown}
 J - a potion of heal wounds {unknown}
Comestibles
 j - 7 fruits
 l - 3 meat rations
 E - 7 beef jerkies
 G - 4 bread rations


   Skills:
 + Level 7.7 Fighting
   Level 6.1 Long Blades
 - Level 11.3 Maces & Flails
 + Level 2.6 Polearms
 + Level 8.5 Armour
 + Level 4.3 Dodging
 + Level 2.1 Stealth
 + Level 9.5 Shields


You had 9 spell levels left.
You didn't know any spells.

Dungeon Overview and Level Annotations

Branches:
Dungeon (11/15)            Temple (0/1) D:5            Lair (0/6) D:10
    Orc: D:9-12

Altars:
Cheibriados
Elyvilon
Gozag
Makhleb
Okawaru
Qazlal
Ru
Sif Muna
Trog
Vehumet
Xom
Yredelemnul

Shops:
D:7 (*[[


Innate Abilities, Weirdness & Mutations

You reflexively headbutt those who attack you in melee.
You have a pair of horns on your head.
You are agile. (Dex +2)
Your flesh is heat resistant. (rF+)
Your magical capacity is low. (-10% MP)
You are weak. (Str -2)


Message History

The hippogriff moves out of view.
The red ugly thing gores you but does no damage.
The killer bee stings you but does no damage.
You barely miss the red ugly thing. You headbutt the red ugly thing!
The red ugly thing is moderately wounded.
You feel sick. You block the killer bee's attack. The red ugly thing gores you.
* * * LOW HITPOINT WARNING * * *
You are engulfed in flames!
You resist.
* * * LOW HITPOINT WARNING * * *
You block the killer bee's attack.
Your shield and plate armour prevent you from hitting the red ugly thing.
Your headbutt misses the red ugly thing.
The red ugly thing is moderately wounded.
You block the killer bee's attack.
The crimson imp is distracted by the nearby gold.
The red ugly thing gores you.
* * * LOW HITPOINT WARNING * * *
You are engulfed in flames!
You resist.
You die...
Your body crumbles into a pile of gold. $ #### #@$# ≈≈≈≈≈;y#u# ≈≈≈≈≈≈. .cH

≈≈≈≈≈..
c....
≈≈≈≈#..
5....#
$≈≈##..
.....#
.## #..
.....#
#$.
......
$


You could see a red ugly thing, a hippogriff, 2 centaurs, a killer bee, an
electric eel and a crimson imp (unaware).

Vanquished Creatures
  A hill giant (D:11)
  The ghost of execc the Quickloader, a novice KoHu of Okawaru (D:5)
  Joseph (D:7)
  A gargoyle (D:7)
  Grinder (D:5)
  3 hippogriffs
  2 hungry ghosts
  Edmund (D:4)
  Duvessa (D:7)
  5 orc warriors
  2 sky beasts (D:8)
  2 black bears (D:7)
  2 centaurs
  4 ogres
  A phantom (D:6)
  A big kobold (D:5)
  Blork the orc (D:5)
  4 bullfrogs
  Dowan (D:7)
  2 scorpions
  16 killer bees
  4 howler monkeys
  5 crimson imps
  7 orc priests
  9 orc wizards
  6 hounds
  Crazy Yiuf (D:4)
  A bullfrog skeleton (D:7)
  3 iguanas
  Terence (D:3)
  4 worker ants
  A hound zombie (D:6)
  2 hound skeletons
  12 adders
  4 gnolls
  A shadow imp (D:4)
  2 oozes
  An adder skeleton (D:4)
  An adder zombie (D:7)
  2 worms
  A dart slug (D:3)
  7 leopard geckos
  22 orcs
  7 bats
  5 giant cockroaches
  7 goblins
  7 hobgoblins
  6 jackals (D:3)
  4 quokkas
  28 kobolds
  7 rats
  A plant (D:5)
222 creatures vanquished.

Vanquished Creatures (others)
  A plant (D:5)
1 creature vanquished.

Grand Total: 223 creatures vanquished

Notes
Turn   | Place    | Note
-------+----------+-------------------------------------------
     0 | D:1      | Inarius the Minotaur Fighter began the quest for the Orb.
     0 | D:1      | Reached XP level 1. HP: 19/19 MP: 0/0
     6 | D:1      | Noticed a rime drake
     6 | D:1      | Noticed a black bear
     6 | D:1      | Noticed a salamander
     6 | D:1      | Noticed a swamp worm
   322 | D:1      | Reached XP level 2. HP: 27/27 MP: 1/1
   625 | D:2      | Reached XP level 3. HP: 19/33 MP: 2/2
   850 | D:2      | Found a snail-covered altar of Cheibriados.
  1245 | D:3      | Reached XP level 4. HP: 40/40 MP: 3/3
  1623 | D:3      | Noticed Terence
  1635 | D:3      | Killed Terence
  1661 | D:3      | Reached XP level 5. HP: 47/47 MP: 4/4
  1804 | D:3      | Reached skill level 5 in Shields
  1832 | D:3      | Found an opulent altar of Gozag.
  1832 | D:3      | Found a shimmering altar of Xom.
  1839 | D:3      | Became a worshipper of Gozag Ym Sagoz the Greedy
  2004 | D:3      | Found a stormy altar of Qazlal.
  2014 | D:3      | Found a basalt altar of Yredelemnul.
  2023 | D:3      | Found a white marble altar of Elyvilon.
  2023 | D:3      | Found a sacrificial altar of Ru.
  2023 | D:3      | Found a burning altar of Makhleb.
  2026 | D:3      | Found an iron altar of Okawaru.
  2036 | D:3      | Reached skill level 1 in Dodging
  2039 | D:3      | Found a radiant altar of Vehumet.
  2240 | D:4      | Reached skill level 5 in Armour
  2290 | D:4      | Noticed Edmund
  2299 | D:4      | Killed Edmund
  2299 | D:4      | Reached skill level 5 in Long Blades
  2299 | D:4      | Reached XP level 6. HP: 30/55 MP: 5/5
  2794 | D:4      | Reached skill level 5 in Fighting
  2887 | D:4      | Noticed a hippogriff
  2898 | D:4      | Killed a hippogriff
  2898 | D:4      | Reached skill level 2 in Maces & Flails
  2898 | D:4      | Reached XP level 7. HP: 40/61 MP: 6/6
  2962 | D:4      | Found a runed door.
  2966 | D:4      | Noticed Crazy Yiuf
  2971 | D:4      | Killed Crazy Yiuf
  3399 | D:5      | Entered Level 5 of the Dungeon
  3404 | D:5      | Noticed a hippogriff
  3410 | D:4      | Reached skill level 3 in Maces & Flails
  3651 | D:5      | Found a staircase to the Ecumenical Temple.
  3658 | D:5      | Killed a hippogriff
  3658 | D:5      | Reached skill level 4 in Maces & Flails
  3658 | D:5      | Reached XP level 8. HP: 40/68 MP: 7/7
  4029 | D:5      | Reached skill level 5 in Maces & Flails
  4185 | D:5      | Noticed Grinder
  4186 | D:5      | Noticed execc's ghost (novice KoHu)
  4201 | D:5      | Killed execc's ghost
  4201 | D:5      | Reached skill level 6 in Maces & Flails
  4205 | D:5      | Killed Grinder
  4205 | D:5      | Reached skill level 7 in Maces & Flails
  4205 | D:5      | Reached XP level 9. HP: 36/75 MP: 8/8
  4487 | D:5      | Noticed Blork the orc
  4493 | D:5      | Killed Blork the orc
  4564 | D:5      | Reached skill level 1 in Stealth
  5021 | D:6      | Reached skill level 8 in Maces & Flails
  5300 | D:6      | Found a deep blue altar of Sif Muna.
  5422 | D:6      | Gained mutation: You are robust. (+10% HP) [potion of mutation]
  5422 | D:6      | Gained mutation: You are weak. (Str -2) [potion of mutation]
  5422 | D:6      | Gained mutation: Your magical capacity is low. (-10% MP) [potion of mutation]
  5945 | D:6      | Reached skill level 9 in Maces & Flails
  6354 | D:7      | Gained mutation: Your flesh is heat resistant. (rF+) [potion of mutation]
  6354 | D:7      | Gained mutation: You are agile. (Dex +2) [potion of mutation]
  6354 | D:7      | Lost mutation: You are robust. (+10% HP) [potion of mutation]
  6775 | D:7      | Found Veiloquj's Assorted Antiques.
  6785 | D:7      | Noticed a gargoyle
  6813 | D:7      | Killed a gargoyle
  6813 | D:7      | Reached skill level 10 in Maces & Flails
  7086 | D:7      | Reached XP level 10. HP: 84/84 MP: 8/8
  7127 | D:7      | Bought a green potion for 31 gold pieces
  7127 | D:7      | Bought a scroll labeled CAR IRA VANUTT for 35 gold pieces
  7127 | D:7      | Bought a scroll of identify for 70 gold pieces
  7127 | D:7      | Bought a scroll of identify for 70 gold pieces
  7127 | D:7      | Bought a scroll of identify for 70 gold pieces
  7129 | D:7      | Bought a pair of boots for 157 gold pieces
  7151 | D:7      | Found Sogatott's Armour Emporium.
  7197 | D:7      | Found Herghim's Antique Weapon Shoppe.
  7218 | D:7      | Noticed Joseph
  7229 | D:7      | Killed Joseph
  7291 | D:7      | Found a bloodstained altar of Trog.
  7339 | D:7      | Noticed Dowan
  7347 | D:7      | Noticed Duvessa
  7353 | D:7      | Killed Duvessa
  7356 | D:7      | Killed Dowan
  7369 | D:7      | Found Unah's Armour Shoppe.
  7811 | D:8      | Reached skill level 11 in Maces & Flails
  8201 | D:9      | Got a pitted trident
  8202 | D:9      | Identified the +6 trident "Cofeizuz" {holy, Str+2} (You found it on level 9 of the Dungeon)
  8316 | D:9      | HP: 2/86 [orc priest/divine providence (10)]
  8336 | D:9      | Reached skill level 1 in Polearms
  8795 | D:9      | You fall through a shaft!
  8795 | D:10     | Entered Level 10 of the Dungeon
  8795 | D:10     | Found a staircase to the Lair.
  8831 | D:11     | Noticed a red ugly thing
  8836 | D:11     | Noticed a hill giant
  8837 | D:11     | Killed a hill giant
  8840 | D:11     | Slain by a red ugly thing

Skill      XL: |  1  2  3  4  5  6  7  8  9 10 |
---------------+-------------------------------+-----
Fighting       | 4 5 6 7 |  7.7
Armour         | 4 5 6 7 8 |  8.5
Shields        | 4 5 6 7 8 9 |  9.5
Long Blades    | 3 5 6 |  6.1
Dodging        | 1 2 3 4 |  4.3
Maces & Flails | 2 4 7 10 11 | 11.3
Stealth        | 2 |  2.1
Polearms       | 2 |  2.6

Action                   |  1- 3 |  4- 6 |  7- 9 | 10-12 || total
-------------------------+-------+-------+-------+-------++-------
Melee: Long sword        |    79 |   130 |       |       ||   209
       Headbutt          |    11 |    26 |    51 |    36 ||   124
       Flail             |       |    18 |   281 |    91 ||   390
       Trident           |       |       |       |    66 ||    66
Invok: Potion Petition   |       |     1 |       |     1 ||     2
  Use: Scroll            |       |       |     5 |     6 ||    11
       Potion            |       |       |     2 |     2 ||     4
 Stab: Distracted        |       |       |     1 |     2 ||     3
       Sleeping          |       |       |     1 |       ||     1
  Eat: Chunk             |     1 |     3 |       |       ||     4
       Bread ration      |       |     1 |     2 |     1 ||     4
       Meat ration       |       |       |     1 |       ||     1
       Fruit             |       |       |       |     4 ||     4
       Beef jerky        |       |       |       |     1 ||     1
Armor: Scale mail        |    31 |     3 |       |       ||    34
       Ring mail         |       |    50 |    37 |       ||    87
       Plate armour      |       |       |    53 |    96 ||   149
Dodge: Dodged            |    22 |    48 |    78 |    63 ||   211
Block: Shield            |    47 |    99 |   140 |   132 ||   418
       Rpst.: Long sword |     3 |    13 |       |       ||    16
